 Dungeon Crawl Stone Soup version 0.30-a0-605-gb2882149bf (webtiles) character file.

Game seed: 5093351694804499516

1278 acebull12 the Covert (level 8, -1/51 HPs)
             Began as an Octopode Enchanter on Jan 8, 2023.
             Was a Follower of Dithmenos.
             Slain by a sky beast (4 damage)
             ... on level 7 of the Dungeon.
             The game lasted 00:19:18 (5814 turns).

acebull12 the Covert (Octopode Enchanter)           Turns: 5814, Time: 00:19:19

Health: -1/51      AC:  1    Str: 13    XL:     8   Next: 54%
Magic:  12/12      EV: 13    Int: 17    God:    Dithmenos [*.....]
Gold:   336        SH:  0    Dex: 15    Spells: 11/13 levels left

rFire   . . .      SeeInvis .    f - +2 short sword (distort)
rCold   . . .      Faith    .    (no shield)
rNeg    . . .      Spirit   .    (helmet restricted)
rPois   .          Reflect  .    (no amulet)
rElec   .          Harm     .    q - +6 ring of strength
rCorr   .          Rampage  .    (no ring)
Will    .....                    (no ring)
Stlth   ++++++                   (no ring)
HPRegen 0.28/turn                (no ring)
MPRegen 0.13/turn                (no ring)
                                 (no ring)
                                 (no ring)

@: wreathed by umbra, invisible
A: almost no armour, amphibious, 8 rings, camouflage 1, gelatinous body 1,
(nimble swimmer 1), tentacles
a: Renounce Religion


You were on level 7 of the Dungeon.
You worshipped Dithmenos.
Dithmenos was aware of your devotion.
You visited 2 branches of the dungeon, and saw 8 of its levels.

You collected 336 gold pieces.

Inventory:

Hand Weapons
 e - a +4 dagger
 f - a +2 short sword of distortion (weapon)
Missiles
 d - 3 throwing nets (quivered)
Armour
 r - a +2 kite shield
Jewellery
 p - an amulet of faith
 q - a +6 ring of strength (left tentacle)
 u - a ring of fire
 v - a ring of fire
 w - a ring of resist corrosion
Wands
 a - a wand of flame (24)
 y - a wand of mindburst (6)
Scrolls
 c - 11 scrolls of identify {unknown}
 g - 4 scrolls of immolation {unknown}
 h - 3 scrolls of teleportation {unknown}
 i - 4 scrolls of amnesia {unknown}
 j - 4 scrolls of noise {unknown}
 x - a scroll of fear {unknown}
 A - a scroll of poison {unknown}
Potions
 b - 2 potions of invisibility
 k - 5 potions of mutation {unknown}
 l - 2 potions of brilliance {unknown}
 m - 3 potions of curing {unknown}
 n - a potion of attraction {unknown}
 o - a potion of ambrosia {unknown}
 s - 2 potions of flight {unknown}
 t - a potion of cancellation {unknown}
 z - a potion of might {unknown}


   Skills:
 * Level 2.4 Fighting
 * Level 3.8 Short Blades
 + Level 2.6 Dodging
 * Level 9.9 Stealth
 * Level 2.2 Shields
 * Level 3.2 Spellcasting
 * Level 4.6 Hexes
 * Level 2.2 Ice Magic


You had 11 spell levels left.
You knew the following spells:

 Your Spells              Type           Power      Damage    Failure   Level
a - Ensorcelled Hibernat  Hex/Ice        28%        N/A       6%          2

Your spell library contained the following spells:

 Spells                   Type           Power      Damage    Failure   Level
 Slow                     Hex            72%        N/A       2%          1
 Freeze                   Ice            40%        1d6       7%          1
 Confusing Touch          Hex            18%        N/A       8%          3
 Tukima's Dance           Hex            18%        N/A       8%          3
 Magic Dart               Conj           8%         1d3       17%         1
 Dazzling Flash           Conj/Hex       20%        N/A       21%         3
 Frozen Ramparts          Ice            20%        1d4       21%         3
 Inner Flame              Hex/Fire       10%        N/A       21%         3
 Searing Ray              Conj           4%         2d4       26%         2
 Hailstorm                Conj/Ice       6%         3d4       32%         3
 Vampiric Draining        Necr           2%         2d6       45%         3
 Fulminant Prism          Conj/Hex       5%         3d6       54%         4
 Flame Wave               Conj/Fire      2%         2d4       86%         4
 Sticky Flame             Conj/Fire      2%         2d3       86%         4


Dungeon Overview and Level Annotations

Branches:
Dungeon (7/15)             Temple (1/1) D:5

Altars:
Ashenzari
Cheibriados
Dithmenos
Elyvilon
Fedhas
Gozag
Hepliaklqana
Kikubaaqudgha
Makhleb
Nemelex Xobeh
Okawaru
Ru
Sif Muna
Trog
Uskayaw
Vehumet
Xom
Yredelemnul
The Shining One

Shops:
D:1 **!?   D:6 [


Innate Abilities, Weirdness & Mutations

You cannot wear most types of armour.
You are amphibious.
You can wear up to eight rings at the same time.
Your skin changes colour to match your surroundings (Stealth+).
Your rubbery body absorbs attacks. (AC +1, EV +1)
((You are camouflaged when in or above water. (Stealth+)))
You have tentacles for arms and can constrict up to eight enemies at once.


Message History

You climb downwards.
There is a stone staircase leading up here.
You now have 336 gold pieces (gained 16).
You open the door.
Found a robe.
There is an open door here.
You see here a +0 robe.
A bullfrog and a sky beast come into view.
Found 15 gold pieces.
The helpless bullfrog fails to defend itself.
You stick the bullfrog like a pincushion!!!
You kill the bullfrog!
Dithmenos accepts your kill.
You hit the sky beast.
Space warps around the sky beast.
Your tentacle-slap misses the sky beast.
The sky beast is moderately wounded.
You hit the sky beast.
Space warps around the sky beast.
The sky beast is heavily wounded.
The sky beast hits you. The sky beast shocks you.
You hit the sky beast but do no damage.
Space warps horribly around the sky beast!
The sky beast is severely wounded.
The sky beast flickers out of sight!
Deactivating autopickup; reactivate with Ctrl-A.
Something hits you. Something shocks you.
You miss something. Your squeeze misses something. Something hits you.
Something shocks you.
You miss something. Something hits you. Something shocks you.
You miss something. You hit something but do no damage.
Space warps around something.
Your tentacle-slap misses something.
Your squeeze misses something. Something hits you. Something shocks you.
* * * LOW HITPOINT WARNING * * *
You barely miss something. Something hits you.
* * * LOW HITPOINT WARNING * * *
Something shocks you.
* * * LOW HITPOINT WARNING * * *
You fade into invisibility!
Something hits you.
You die...

#[#[.....#
#.#......#
#.####...#
#.# #####
#.# #.#
#.#
##.####
#..@{.#
#####.# $.
... ..# .#
.


There were no monsters in sight!

Vanquished Creatures
  A water moccasin (D:5)
  A black bear (D:6)
  An ice beast (D:5)
  An ogre (D:6)
  2 phantoms
  A bullfrog (D:7)
  A kobold brigand (D:6)
  A scorpion (D:4)
  A gnoll bouda (D:3)
  2 jellies (D:5)
  A hound (D:6)
  An iguana (D:4)
  Terence (D:2)
  3 orc wizards
  7 gnolls
  7 adders
  An ufetubus (D:5)
  4 dart slugs
  9 orcs
  6 bats
  8 endoplasms
  6 giant cockroaches
  12 goblins
  3 hobgoblins
  8 kobolds
  5 quokkas
  5 ball pythons
  3 frilled lizards (D:1)
  4 rats
106 creatures vanquished.

Notes
Turn   | Place    | Note
-------+----------+-------------------------------------------
     0 | D:1      | acebull12 the Octopode Enchanter began the quest for the
                  | Orb.
     0 | D:1      | Reached XP level 1. HP: 11/11 MP: 3/3
    18 | D:1      | Found Xadowif's Magic Scroll Emporium.
    69 | D:1      | Found Tesimp's Assorted Antiques.
   107 | D:1      | Found a faded altar of an unknown god.
   128 | D:1      | Reached XP level 2. HP: 10/17 MP: 5/5
   204 | D:1      | Found Nikhleoh's General Store.
   335 | D:1      | Reached XP level 3. HP: 15/22 MP: 6/6
   491 | D:1      | Found Daomitug's Distillery.
   892 | D:2      | Noticed Terence
   908 | D:2      | Killed Terence
   909 | D:2      | Reached skill level 5 in Stealth
   909 | D:2      | Reached XP level 4. HP: 8/27 MP: 7/7
  1064 | D:2      | Learned a level 2 spell: Ensorcelled Hibernation
  1871 | D:3      | Reached skill level 1 in Fighting
  1900 | D:3      | You fall into a shaft and drop 2 floors!
  1900 | D:5      | Entered Level 5 of the Dungeon
  1959 | D:5      | Found a staircase to the Ecumenical Temple.
  1959 | D:5      | Noticed a water moccasin
  1970 | D:5      | Killed a water moccasin
  1971 | D:5      | Reached skill level 6 in Stealth
  1971 | D:5      | Reached XP level 5. HP: 16/33 MP: 8/8
  1974 | Temple   | Entered the Ecumenical Temple
  2100 | Temple   | Became a worshipper of Dithmenos the Shadowed
  2157 | D:5      | Noticed an ice beast
  2242 | D:5      | Reached XP level 6. HP: 38/38 MP: 9/9
  2300 | D:4      | Reached skill level 7 in Stealth
  2300 | D:4      | Reached skill level 1 in Shields
  2300 | D:4      | Reached skill level 1 in Ice Magic
  3371 | D:4      | Reached XP level 7. HP: 43/43 MP: 11/11
  4086 | D:4      | Reached skill level 8 in Stealth
  4520 | D:6      | Reached skill level 9 in Stealth
  4520 | D:6      | Reached XP level 8. HP: 50/50 MP: 12/12
  4863 | D:6      | Reached * piety under Dithmenos
  4892 | D:6      | Found Feusm's Antique Armour Emporium.
  5590 | D:7      | Noticed a manticore
  5814 | D:7      | Slain by a sky beast

Illustrated notes

Levels and vault maps discovered:
D:1:      dpeg_arrival_short_road, layout_loops_cross,
          dreamdust_ecumenical_altar_statues, serial_shops, nicolae_shop_stone,
          nicolae_shop_temple_entry_statues_fountains, nicolae_shop_statue_plus,
          shop
D:2:      layout_loops_ring, serial_bayou_pond_d, uniq_terence
D:3:      layout_basic
D:4:      layout_rooms
D:5:      layout_basic, temple_green
D:6:      layout_gridville, serial_shops, nicolae_shop_advertising_works
          [nicolae_subvault_shop_adworks], dk_noncrumbling_4
D:7:      layout_basic, chequers_serial_rivers_micro_b
Temple:   hellmonk_temple_of_storms

Skill      XL: |  1  2  3  4  5  6  7  8 |
---------------+-------------------------+-----
Stealth        | 5 6 7 9 |  9.9
Fighting       | 1 2 |  2.4
Short Blades   | 2 3 |  3.8
Hexes          | 4 |  4.6
Shields        | 1 2 |  2.2
Ice Magic      | 1 2 |  2.2
Spellcasting   | 3 |  3.2
Dodging        | |  2.6

Action                   |  1- 3 |  4- 6 |  7- 9 || total
-------------------------+-------+-------+-------++-------
Melee: Dagger            |    22 |       |       ||    22
       Tentacles         |    11 |     8 |    11 ||    30
       Constrict         |    12 |     8 |    12 ||    32
       Short sword       |    41 |    63 |    86 ||   190
       Punch             |     1 |     1 |     3 ||     5
 Cast: Ensorcelled Hiber |       |       |     4 ||     4
  Use: Potion            |       |       |     1 ||     1
 Stab: Sleeping          |     6 |    20 |    15 ||    41
       Distracted        |       |     1 |       ||     1
Armor: Skin              |     4 |     2 |       ||     6
Dodge: Dodged            |    26 |    26 |    34 ||    86

Table legend: (Time is in decaauts)
 A = Elapsed time spent in this place.
 B = Non-inter-level travel time spent in this place.
 C = Inter-level travel time spent in this place.
 D = Time resting spent in this place.
 E = Time spent auto-exploring this place.
 F = Levels seen in this place.
 G = Mean time per level.
                   A        B        C        D        E       F      G
               +--------+--------+--------+--------+--------+-----+--------+
         Total |   5803 |   5311 |    492 |    862 |   3264 |   8 |  725.4 |
       Dungeon |   5667 |   5183 |    484 |    772 |   3246 |   7 |  809.6 |
        Temple |    135 |    127 |      8 |     90 |     18 |   1 |  135.0 |
               +--------+--------+--------+--------+--------+-----+--------+

Top non-repeatable levels by time:
     D:6: 1041 daAuts
     D:4: 1037 daAuts
     D:2: 967 daAuts
     D:1: 891 daAuts
     D:5: 877 daAuts
     D:3: 813 daAuts
  Temple: 135 daAuts
     D:7: 38 daAuts
